Map: 黑色燃烧-天梯版

Players

cyan

  • Race: Protoss Protoss
  • League: Grandmaster

TIME (Oliveira) - Winner!

  • Race: Terran Terran
  • League: Grandmaster

Event: DreamHack SC2 Masters 2021 Winter

VOD

Have the link to the VOD?

Description

Time

  • Played on: Oct. 9, 2021, 9:47 a.m.
  • Length: 12:44

All games in this series

Show
View Real Time Build Order
Export as new Build Order

cyan Protoss 

Build Orders: 1 Gate Expand, Blink Stalkers 

Get SALT Encoding   

  12  0:00  Probe  
  13  0:12  Probe  
  14  0:18  Pylon  
  14  0:24  Probe (Chrono Boost)  
  15  0:36  Probe (Chrono Boost)  
  15  0:37  Gateway  
  16  0:44  Probe (Chrono Boost)  
  16  0:45  Assimilator  
  17  0:51  Probe  
  18  1:03  Probe  
  19  1:15  Probe  
  20  1:23  Cybernetics Core  
  20  1:33  Nexus  
  20  1:35  Probe  
  21  1:43  Pylon  
  21  1:48  Probe  
  21  1:51  Assimilator  
  22  1:58  Adept (Chrono Boost)  
  24  2:02  Shield Battery  
  24  2:05  Probe  
  25  2:09  Warp Gate  
  24  2:17  Probe  
  24  2:18  Adept (Chrono Boost)  
  27  2:29  Twilight Council  
  27  2:31  Probe  
  28  2:41  Stalker  
  30  2:45  Probe (Chrono Boost)  
  32  2:53  Probe (Chrono Boost)  
  32  2:54  Probe (Chrono Boost)  
  33  2:59  Probe (Chrono Boost)  
  33  3:00  Blink (Chrono Boost)  
  33  3:02  Probe  
  35  3:14  Probe  
  35  3:19  Gateway  
  36  3:22  Probe  
  36  3:27  Probe  
  38  3:34  Robotics Facility, Probe  
  38  3:39  Probe  
  40  3:45  Pylon  
  40  3:49  Probe  
  40  3:51  Probe  
  40  3:52  Assimilator x2  
  42  3:59  Pylon  
  42  4:00  Stalker  
  42  4:01  Probe  
  45  4:03  Probe  
  46  4:13  Probe  
  46  4:15  Probe  
  47  4:25  Probe  
  47  4:27  Probe  
  47  4:30  Templar Archives  
  47  4:36  Observer  
  49  4:39  Probe (Chrono Boost)  
  49  4:40  Pylon  
  49  4:41  Stalker x2  
  49  4:42  Probe (Chrono Boost)  
  52  4:48  Psionic Storm  
  52  4:49  Probe (Chrono Boost), Pylon  
  52  4:52  Probe (Chrono Boost)  
  54  4:56  Probe  
  54  4:57  Gateway  
  54  4:58  Gateway  
  55  5:00  Observer  
  55  5:02  Probe  
  57  5:18  High Templar  
  59  5:22  Nexus  
  59  5:27  High Templar  
  61  5:32  Probe x2  
  63  5:36  Charge (Chrono Boost)  
  63  5:41  Gateway  
  63  5:47  Gateway  
  63  5:49  Warp Prism (Chrono Boost)  
  63  5:55  Probe  
  66  5:57  Gateway  
  66  5:59  High Templar  
  66  6:02  Gateway  
  68  6:06  Gateway  
  68  6:09  High Templar  
  70  6:11  Probe, Pylon  
  70  6:14  Probe  
  72  6:23  Immortal (Chrono Boost), Probe  
  72  6:25  Pylon  
  77  6:35  Observer, Shield Battery  
  77  6:37  Sentry x2  
  77  6:38  Zealot, Shield Battery  
  83  6:44  Probe, Pylon  
  84  6:47  Probe x2  
  84  6:52  Zealot x2  
  90  6:56  Immortal (Chrono Boost), Probe  
  95  7:02  Zealot  
  97  7:08  Zealot x2  
  97  7:12  Zealot, Pylon  
  102  7:16  Zealot  
  102  7:20  Zealot x2  
  107  7:35  Stalker x4  
  110  7:43  Probe  
  105  7:47  High Templar x2  
  105  7:48  Probe  
  105  7:50  Probe  
  111  7:55  Stalker x2  
  111  7:58  Probe (Chrono Boost)  
  116  8:01  Probe (Chrono Boost)  
  116  8:03  Probe (Chrono Boost)  
  116  8:05  Archon  
  118  8:10  Probe (Chrono Boost)  
  118  8:12  Probe (Chrono Boost)  
  120  8:15  Zealot x3  
  119  8:37  Pylon  
  119  8:39  Pylon  
  119  8:45  Forge  
  119  8:47  Forge  
  119  8:49  Pylon  
  119  8:51  Pylon  
  119  8:53  Pylon  
  119  8:54  Assimilator  
  119  8:57  Probe x3  
  119  8:58  Observer (Chrono Boost), Assimilator, Zealot x2  
  120  9:03  Zealot  
  120  9:04  Zealot x2  
  120  9:09  Probe  
  121  9:10  High Templar x2  
  121  9:11  Probe  
  121  9:12  Observer (Chrono Boost)  
  121  9:13  Assimilator, Probe  
  128  9:21  Probe  
  128  9:23  Probe  
  130  9:26  Probe, Pylon  
  130  9:27  Protoss Ground Weapons Level 1 (Chrono Boost)  
  130  9:30  Observer (Chrono Boost), High Templar x2  
  136  9:33  Probe  
  136  9:35  Protoss Ground Armor Level 1 (Chrono Boost), Probe  
  136  9:38  Probe  
  139  9:42  Pylon  
  139  9:45  Nexus  
  139  9:52  Observer, Pylon  
  138  10:08  Robotics Bay  
  138  10:10  Probe  
  138  10:11  Probe x2  
  138  10:12  Warp Prism  
  143  10:14  Robotics Facility  
  142  10:21  Zealot x4  
  142  10:22  Zealot  
  142  10:23  Probe  
  153  10:34  Stalker  
  153  10:35  Stalker x2  
  158  10:48  Archon  
  158  10:49  Stalker x2  
  160  10:55  Zealot x3  
  160  10:56  Colossus  
  166  11:16  Nexus  
  166  11:17  Pylon  
  166  11:19  Pylon  
  166  11:23  Pylon  
  166  11:24  Pylon  
  166  11:31  Colossus (Chrono Boost)  
  164  11:45  Photon Cannon  
  164  11:46  Photon Cannon  
  162  11:47  Photon Cannon  
  162  11:49  Photon Cannon x2, Shield Battery  
  162  11:51  Shield Battery  
  162  12:01  High Templar x5  
  174  12:05  Archon x2  
  178  12:14  High Templar  
  169  12:19  Stalker x2, Nexus  
  169  12:20  Pylon  
  116  12:33  Zealot  
  116  12:34  Zealot x4  
Show
View Real Time Build Order
Export as new Build Order

TIME Terran - Winner!

Build Orders: Reaper Expand 

Get SALT Encoding   

  12  0:00  SCV  
  13  0:12  SCV  
  14  0:17  Supply Depot  
  14  0:24  SCV  
  15  0:38  SCV  
  15  0:40  Barracks  
  16  0:43  Refinery  
  16  0:50  SCV  
  17  1:03  SCV  
  18  1:15  SCV  
  19  1:27  Reaper, Orbital Command  
  20  1:40  Command Center  
  20  1:48  Supply Depot  
  20  1:53  SCV  
  21  1:59  Marine  
  22  2:05  SCV  
  23  2:10  Factory  
  23  2:18  SCV  
  23  2:20  Bunker  
  23  2:22  Barracks Reactor  
  24  2:27  Refinery  
  24  2:31  SCV  
  25  2:43  SCV  
  26  2:52  Orbital Command  
  26  2:55  Hellion  
  26  2:56  Starport  
  26  2:58  SCV  
  29  3:02  Marine  
  29  3:04  Marine  
  31  3:11  SCV  
  32  3:17  Factory Tech Lab  
  32  3:19  SCV  
  33  3:22  Marine x2  
  33  3:23  SCV  
  36  3:29  Supply Depot  
  36  3:31  SCV  
  37  3:40  Raven  
  39  3:41  Marine x2  
  39  3:42  Factory Tech Lab  
  39  3:43  SCV  
  39  3:44  SCV  
  42  3:51  Supply Depot  
  42  3:55  SCV  
  42  3:56  SCV  
  42  3:57  Barracks  
  42  4:02  Barracks  
  44  4:04  Marine  
  44  4:05  Marine  
  44  4:08  SCV  
  44  4:09  SCV  
  48  4:13  Factory Tech Lab  
  48  4:22  Marine  
  48  4:24  SCV  
  48  4:27  SCV  
  48  4:28  Engineering Bay  
  48  4:30  Refinery  
  49  4:34  Supply Depot, Marine  
  49  4:37  SCV  
  51  4:39  SCV  
  51  4:41  Marine  
  52  4:50  Marauder x2, Combat Shield  
  52  4:51  Stimpack  
  52  4:52  Marine  
  57  4:53  SCV  
  57  4:54  Terran Infantry Weapons Level 1  
  57  4:55  SCV  
  59  5:01  Marine  
  59  5:02  Refinery  
  59  5:04  Factory Reactor, Starport Reactor  
  59  5:06  SCV  
  61  5:07  SCV  
  61  5:11  Supply Depot  
  61  5:12  Supply Depot  
  62  5:14  Marine  
  62  5:17  Marauder  
  62  5:21  Marauder, Marine  
  68  5:23  SCV  
  68  5:24  SCV  
  70  5:32  Marine  
  71  5:36  Supply Depot, SCV  
  71  5:38  Marauder  
  71  5:39  Marine  
  71  5:41  Medivac x2  
  79  5:44  Widow Mine  
  79  5:46  Widow Mine  
  85  5:50  Marauder  
  83  6:02  Supply Depot, Marine  
  83  6:03  Marauder  
  86  6:09  Widow Mine  
  86  6:10  Widow Mine  
  90  6:16  Medivac x2  
  93  6:20  Marauder, Marine  
  93  6:23  Marine  
  93  6:24  Concussive Shells  
  95  6:25  Supply Depot  
  95  6:26  Marauder  
  95  6:32  Widow Mine x2  
  101  6:35  Supply Depot  
  101  6:40  Marine  
  102  6:47  Marauder x2, Marine  
  102  6:50  Medivac  
  109  6:57  Widow Mine x2, Medivac  
  109  6:58  Command Center  
  115  7:03  SCV x2  
  115  7:06  Supply Depot  
  115  7:07  Supply Depot  
  117  7:12  Marine  
  118  7:27  Marine x2  
  118  7:28  Marauder  
  108  7:34  Marine  
  108  7:42  Viking  
  108  7:43  Viking  
  108  7:44  Barracks  
  108  7:45  Widow Mine x2, Marine, Barracks  
  108  7:46  Marauder  
  108  7:49  Marauder  
  114  7:51  SCV  
  114  7:52  Ghost Academy  
  114  7:55  Marine  
  115  8:00  SCV  
  115  8:02  Terran Infantry Armor Level 1  
  115  8:03  Marine  
  117  8:07  Marauder, Widow Mine x2  
  123  8:18  Marine  
  123  8:19  Marauder  
  126  8:21  Marine  
  123  8:33  Orbital Command  
  119  8:34  Barracks Reactor  
  119  8:36  Medivac x2  
  119  8:37  Widow Mine x2  
  119  8:40  SCV x2  
  129  8:44  Supply Depot, Marine  
  129  8:45  Marine  
  131  8:52  Ghost x2  
  133  9:08  Marine x2  
  133  9:09  SCV  
  132  9:10  SCV x2  
  132  9:16  Refinery x2, Marine x2  
  136  9:20  Missile Turret  
  136  9:21  Supply Depot, SCV  
  137  9:25  Marauder x2  
  137  9:27  Armory  
  137  9:29  Engineering Bay  
  137  9:30  Marine x2  
  141  9:34  SCV  
  142  9:39  Marine  
  142  9:40  Marauder, Marine  
  142  9:45  SCV x2  
  148  9:51  SCV  
  148  9:52  Marauder  
  151  9:55  Viking  
  153  10:07  Ghost x2  
  153  10:08  Command Center  
  153  10:09  Marine x4  
  153  10:11  Widow Mine x2  
  165  10:17  Supply Depot  
  165  10:19  Terran Infantry Weapons Level 2, Medivac  
  167  10:36  Viking, Ghost  
  167  10:37  SCV x2  
  167  10:38  Marine  
  167  10:39  Supply Depot  
  176  10:42  Widow Mine  
  176  10:43  Widow Mine  
  174  10:55  Marine  
  174  10:56  Marauder  
  177  11:01  SCV  
  177  11:02  SCV x2, Marine  
  177  11:03  Marauder, Marine  
  184  11:09  Ghost  
  184  11:11  Viking  
  188  11:12  Enhanced Shockwaves  
  188  11:15  Supply Depot  
  188  11:20  Viking  
  188  11:22  SCV x2  
  191  11:29  Marauder  
  190  11:42  Planetary Fortress  
  190  11:50  Marine  
  190  11:51  Marine x2, Barracks  
  190  11:52  Marauder  
  193  11:54  Barracks  
  193  11:55  Barracks  
  193  12:02  Marauder, Marine x2  
  197  12:14  Marine  
  186  12:23  Marine  
  186  12:24  Marine x2  
  186  12:25  SCV  
  186  12:26  SCV  

Tags
 
Add a new tag
Caveats
  • Supply blocks, unpowered buildings, or Contaminate may cause inaccurate times.
  • Supply counts are checked every 10 seconds.